 Dungeon Crawl Stone Soup version 0.23.2-1-ga50397a (webtiles) character file.

Game seed: 4975258508373806544

2912 myga the Cudgeler (level 9, -18/111 HPs)
             Began as a Centaur Fighter on Apr 18, 2019.
             Was a Believer of Trog.
             Demolished by a cyclops (20 damage)
             ... on level 7 of the Dungeon on Apr 19, 2019.
             The game lasted 00:42:27 (7088 turns).

myga the Cudgeler (Centaur Fighter)                 Turns: 7088, Time: 00:42:27

Health: -18/111    AC: 14    Str: 24    XL:     9   Next: 49%
Magic:  9/9        EV: 10    Int:  7    God:    Trog [**....]
Gold:   327        SH:  0    Dex: 17    Spells: 8/8 levels left

rFire    + . .     SeeInvis +   x - +8 quarterstaff
rCold    + + .     Gourm    .   (shield currently unavailable)
rNeg     . . .     Faith    .   y - +0 plate armour
rPois    +         Spirit   .   L - +1 helmet
rElec    +         Reflect  .   (no cloak)
rCorr    +         Harm     .   B - +1 pair of gloves
MR       ++...                  (no barding)
Stlth    ..........             (no amulet)
HPRegen  1.28/turn              i - ring of see invisible
MPRegen  0.11/turn              e - ring of protection from cold

@: agile, berserking, resistant, regenerating, hasted and slowed, very quick
A: large, hooves 3, deformed body, speed 2, tough skin 3
a: Berserk, Trog's Hand, Renounce Religion


You were on level 7 of the Dungeon.
You worshipped Trog.
Trog was pleased with you.
You were very hungry.

You visited 1 branch of the dungeon, and saw 7 of its levels.
You also visited: Ossuary.

You collected 365 gold pieces.
You spent 38 gold pieces at shops.

Inventory:

Hand Weapons
 x - a +8 quarterstaff (weapon)
 z - a +2 flail of protection
 E - a -1 hand crossbow
 J - a +0 hunting sling
 O - a +0 longbow
Missiles
 j - 82 stones (quivered)
 u - 7 needles of sleeping
 C - 51 bolts
 F - 20 arrows
 H - 14 sling bullets
 I - a tomahawk
Armour
 b - a +1 chain mail of fire resistance
 c - a +0 shield
 y - a +0 plate armour (worn)
 B - a +1 pair of gloves (worn)
 L - a +1 helmet (worn)
Jewellery
 e - a ring of protection from cold (right hand)
 i - a ring of see invisible (left hand)
 p - a +2 ring of intelligence
Wands
 N - a wand of flame (10)
Scrolls
 h - a scroll of blinking
 o - 3 scrolls of remove curse
 t - 4 scrolls of teleportation
 v - a scroll of magic mapping
 w - 2 scrolls of enchant armour
 A - a scroll of enchant weapon {unknown}
 D - a scroll of fear {unknown}
Potions
 a - a potion of ambrosia {unknown}
 g - a potion of magic
 k - 2 potions of heal wounds
 l - a potion of invisibility
 m - a potion of mutation
 n - 2 potions of flight
 q - a potion of resistance
 r - 3 potions of curing
 s - a potion of lignification
 M - a potion of degeneration
Comestibles
 f - 13 rations


   Skills:
 + Level 5.2 Fighting
 + Level 7.0(7.3) Maces & Flails
 + Level 2.6(5.2) Staves
 + Level 1.1 Bows
 + Level 1.6 Crossbows
 + Level 6.4 Throwing
 + Level 4.1 Armour
 + Level 0.8 Dodging
 + Level 0.3 Stealth
 + Level 4.2 Shields


You had 8 spell levels left.
You didn't know any spells.
Your spell library was empty.

Dungeon Overview and Level Annotations

Branches:
Dungeon (7/15)             Temple (0/1) D:7

Altars:
Cheibriados
Dithmenos
Elyvilon
Makhleb
Sif Muna
Trog
Beogh

Shops:
D:5 *

Annotations:
D:7 1 transporter


Innate Abilities, Weirdness & Mutations

You have hooves in place of feet.
Armour fits poorly on your strangely shaped body.
You cover ground very quickly.
You have extremely tough skin. (AC +3)


Message History

The orc warrior hits you with a +0 halberd.
The orc hits you but does no damage.
A red film seems to cover your vision as you go berserk!
You feel yourself moving faster!
You feel mighty!
You are feeling very hungry.
The cyclops hits you.
The orc warrior hits you with a +0 halberd!
The orc hits you but does no damage.
You sock the cyclops! Your kick misses the cyclops.
The cyclops is moderately wounded.
The cyclops hits you!!
* * * LOW HITPOINT WARNING * * *
The orc warrior hits you with a +0 halberd!
* * * LOW HITPOINT WARNING * * *
The orc closely misses you.
You are too berserk!
You sock the cyclops! You kick the cyclops!
The cyclops is almost dead.
The cyclops hits you!!
You die...

....#..# #...o#.#....#
...<#.## #.#.......#.#
......## #.##.8.8.##.#
.......### #. ..._... ©#
.....#...###.##.8.8.##.#
....####..##.#$.....$#.#
....# ##.##...?#%#$...#
....#####.##..o#####...#
........#.# #.oo@Coo.(#
....###.#.# ###########
....# #.#.# #..©..#
....# #.#.# ##..###
....###.[.# #..#
.......##.# #.##
...###.##.# #.#######
....##.##.## #.......#
....##.##..#####.......#


You could see a cyclops, 2 orc warriors, an orc wizard (invisible) and 2 orcs.

Vanquished Creatures
  The ghost of Kairos the Skirmisher, a novice FoAK of Lugonu (D:5)
  The ghost of Waddlesthepig the Cudgeler, an amateur MiBe of Trog (D:4)
  A hippogriff (D:4)
  A sky beast (D:7)
  An ice beast (D:7)
  4 phantoms
  2 centaurs
  An elf zombie (Ossuary)
  2 scorpions (D:6)
  3 wights (D:6)
  3 crimson imps
  2 centaur zombies (Ossuary)
  A bullfrog zombie (D:4)
  2 human zombies (Ossuary)
  4 hounds
  A jelly (D:6)
  5 orc priests
  8 orc wizards
  A bullfrog skeleton (D:6)
  3 worker ants
  5 hound zombies
  A hound skeleton (D:4)
  4 mummies
  A worker ant zombie (D:4)
  4 adders
  4 adder zombies (Ossuary)
  3 worms
  2 dart slugs
  40 orcs
  6 giant cockroaches
  A gnoll zombie (Ossuary)
  17 goblins
  8 hobgoblins
  4 kobolds (D:1)
  3 quokkas
  A ball python (D:3)
  11 bats
  4 frilled lizards
  5 goblin zombies (Ossuary)
  2 hobgoblin zombies (Ossuary)
  7 jackal zombies
  A kobold zombie (Ossuary)
  An orc zombie (Ossuary)
  A quokka skeleton (D:5)
  7 quokka zombies
  7 rats
  2 rat zombies (Ossuary)
199 creatures vanquished.

Notes
Turn   | Place    | Note
-------+----------+-------------------------------------------
     0 | D:1      | myga the Centaur Fighter began the quest for the Orb.
     0 | D:1      | Reached XP level 1. HP: 19/19 MP: 1/1
   139 | D:1      | Reached XP level 2. HP: 25/26 MP: 2/2
   245 | D:1      | Reached skill level 2 in Maces & Flails
   667 | D:2      | Reached XP level 3. HP: 24/31 MP: 3/3
   939 | D:2      | Noticed a centaur
   952 | D:2      | Killed a centaur
   952 | D:2      | Reached skill level 1 in Throwing
   952 | D:2      | Reached XP level 4. HP: 20/38 MP: 4/4
  1091 | D:2      | Found a shadowy altar of Dithmenos.
  1171 | D:2      | Reached XP level 5. HP: 38/45 MP: 5/5
  2049 | D:3      | Reached skill level 3 in Maces & Flails
  2581 | D:4      | Noticed a phantom
  2657 | D:4      | Found a sand-covered staircase.
  2673 | Ossuary  | Entered an ossuary
  2941 | Ossuary  | Reached XP level 6. HP: 42/51 MP: 6/6
  3208 | Ossuary  | Reached skill level 4 in Maces & Flails
  3349 | Ossuary  | Reached XP level 7. HP: 57/57 MP: 7/7
  3746 | D:4      | Noticed a hippogriff
  3761 | D:4      | Killed a hippogriff
  3761 | D:4      | Reached skill level 5 in Maces & Flails
  3977 | D:4      | Found a snail-covered altar of Cheibriados.
  4004 | D:4      | Found a bloodstained altar of Trog.
  4067 | D:4      | Became a worshipper of Trog the Wrathful
  4147 | D:4      | Found a transporter.
  4147 | D:4      | Noticed Waddlesthepig's ghost (amateur MiBe)
  4174 | D:4      | Reached XP level 8. HP: 54/66 MP: 8/8
  4334 | D:4      | Found a transporter.
  4427 | D:4      | Killed Waddlesthepig's ghost
  4427 | D:4      | Reached skill level 1 in Crossbows
  4489 | D:5      | Entered Level 5 of the Dungeon
  4659 | D:5      | Reached * piety under Trog
  4672 | D:5      | Reached skill level 6 in Maces & Flails
  4887 | D:5      | Found Jaihosacs's Assorted Antiques.
  4895 | D:5      | Bought a fuming inky potion for 19 gold pieces
  4895 | D:5      | Bought a sedimented blue potion for 19 gold pieces
  5010 | D:5      | Found a burning altar of Makhleb.
  5019 | D:5      | Got a dazzling whip
  5023 | D:5      | Identified the +5 whip of Bread {slash, *Noise rC+ Stlth+}
                  | (You found it on level 5 of the Dungeon)
  5316 | D:5      | Found a runed translucent gate.
  5316 | D:5      | Found a runed translucent gate.
  5316 | D:5      | Found a runed translucent gate.
  5321 | D:5      | Noticed Kairos's ghost (novice FoAK)
  5326 | D:5      | Found a roughly hewn altar of Beogh.
  5394 | D:5      | Killed Kairos's ghost
  5616 | D:6      | Reached XP level 9. HP: 72/72 MP: 9/9
  5657 | D:6      | Reached skill level 7 in Maces & Flails
  5831 | D:6      | Reached skill level 5 in Fighting
  5831 | D:6      | Reached skill level 1 in Staves
  5983 | D:6      | Reached ** piety under Trog
  6044 | D:6      | Found a deep blue altar of Sif Muna.
  6113 | D:6      | Reached skill level 5 in Throwing
  6130 | D:6      | Found a white marble altar of Elyvilon.
  6400 | D:7      | Found a staircase to the Ecumenical Temple.
  6851 | D:7      | Noticed a cyclops
  6909 | D:7      | Found a transporter.
  7055 | D:7      | Found a roughly hewn altar of Beogh.
  7055 | D:7      | Found a transporter.
  7066 | D:7      | Reached skill level 1 in Bows
  7087 | D:7      | HP: 1/111 [orc warrior/+0 halberd (12)]
  7088 | D:7      | Demolished by a cyclops

Skill      XL: |  1  2  3  4  5  6  7  8  9 |
---------------+----------------------------+-----
Maces & Flails | 2 3 4 5 6 7 |  7.0
Throwing       | 1 2 4 6 |  6.4
Shields        | 3 4 |  4.2
Armour         | 3 4 |  4.1
Fighting       | 4 5 |  5.2
Crossbows      | 1 |  1.6
Staves         | 2 |  2.6
Bows           | 1 |  1.1
Dodging        | |  0.8
Stealth        | |  0.3

Action                   |  1- 3 |  4- 6 |  7- 9 || total
-------------------------+-------+-------+-------++-------
Melee: Flail             |   108 |   302 |   163 ||   573
       Kick              |    16 |    76 |    76 ||   168
       Quarterstaff      |       |       |   100 ||   100
 Fire: Hand crossbow     |       |       |     6 ||     6
       Longbow           |       |       |    22 ||    22
Throw: Stone             |    48 |   100 |   187 ||   335
       Tomahawk          |       |       |     9 ||     9
Invok: Berserk           |       |       |     1 ||     1
       Trog's Hand       |       |       |     1 ||     1
  Use: Scroll            |       |     9 |     8 ||    17
       Potion            |       |     1 |     9 ||    10
  Eat: Chunk             |       |     4 |     9 ||    13
       Ration            |       |     1 |       ||     1
Armor: Scale mail        |    74 |    29 |       ||   103
       Plate armour      |       |    90 |   155 ||   245
       Chain mail        |       |    24 |       ||    24
Dodge: Dodged            |    28 |    20 |    25 ||    73
Block: Shield            |    65 |   106 |    51 ||   222
